 Dungeon Crawl Stone Soup version 0.15-a0-429-gf5d7e11 (webtiles) character file.

188 Psiweapon the Bolt Thrower (level 4, -1/25 HPs)
             Began as a Kobold Hunter on May 6, 2014.
             Was a Follower of Dithmenos.
             Killed from afar by an orc wizard (11 damage)
             ... with a puff of flame
             ... on Level 3 of the Dungeon.
             The game lasted 00:11:43 (3192 turns).

Psiweapon the Bolt Thrower (Kobold Hunter)          Turns: 3192, Time: 00:11:43

HP  -1/25        AC  3     Str 11      XL: 4   Next: 81%
MP   4/4         EV 13     Int 10      God: Dithmenos [*.....]
Gold 100         SH  0     Dex 15      Spells:  0 memorised,  3 levels left

rFire  . . .     SeeInvis .     b - +1 crossbow
rCold  . . .     Clarity  .     d - +0 leather armour
rNeg   . . .     Conserve .     (no shield)
rPois  .         rCorr    .     (no helmet)
rElec  .         rRot     .     (no cloak)
SustAb . .       Spirit   .     (no gloves)
rMut   .         Warding  .     (no boots)
Saprov + + .     Stasis   .     (no amulet)
MR     .....                    (no ring)
                                (no ring)

@: wreathed by umbra, not resistant to hostile enchantments, unstealthy
A: disease resistance, carnivore 3, saprovore 2
a: Renounce Religion


You were on level 3 of the Dungeon.
You worshipped Dithmenos.
Dithmenos was aware of your devotion.
You were very full.

You visited 1 branch of the dungeon, and saw 3 of its levels.

You collected 100 gold pieces.

Inventory:

Hand weapons
 a - a +0,+0 short sword
 b - a +1,+1 crossbow (weapon)
Missiles
 c - 23 bolts (quivered)
 h - 5 darts of flame
 m - 22 sling bullets
Armour
 d - a +0 leather armour (worn)
 r - a +0 scale mail
Magical devices
 t - a wand of enslavement (8)
 A - a wand of magic darts (13)
Comestibles
 f - 4 meat rations
 z - 3 rotting chunks of orc flesh
Scrolls
 g - 2 scrolls of identify
 i - a scroll of enchant weapon II {unknown}
 l - a scroll of magic mapping {unknown}
 n - 4 scrolls of amnesia {unknown}
 q - a scroll of teleportation {unknown}
 s - 2 scrolls of fear {unknown}
 v - a scroll of enchant armour {unknown}
 w - 3 scrolls of remove curse
 y - a scroll of recharging {unknown}
Potions
 j - a potion of invisibility {unknown}
 k - a potion of heal wounds {unknown}
 p - a potion of cure mutation {unknown}
 x - a potion of brilliance {unknown}


   Skills:
 - Level 1.1 Fighting
 + Level 3.3 Short Blades
 + Level 5.1 Crossbows
 - Level 3.4 Dodging
 * Level 2.9 Stealth


You had 3 spell levels left.
You didn't know any spells.

Dungeon Overview and Level Annotations

Branches:
Dungeon (3/15)

Altars:
Dithmenos
Okawaru


Innate Abilities, Weirdness & Mutations

You recuperate from illness quickly.
You are small and have problems with some larger weapons.
You are carnivorous and can eat meat at any time.
You can eat rotten meat.


Message History

The orc wizard casts a spell.
You feel a wave of unholy energy pass over you.
The orc wizard completely misses you.
The orc wizard gestures at you while chanting.
The puff of flame hits you!
The orc wizard hits you with a short sword.
* * * LOW HITPOINT WARNING * * *
Drink which item? (? for menu, Esc to quit)
You feel better.
The orc wizard hits you but does no damage. x2
The orc wizard barely misses you.
Read which item? (? for menu, Esc to quit)
As you read the scroll labeled KERPHIXZUTHAUSI, it crumbles to dust.
It is a scroll of identify.
Identify which item? (\ to view known items) (? for menu, Esc to quit)
w - 3 scrolls of remove curse The orc wizard barely misses you.
The orc wizard casts a spell at you. The puff of flame hits you!
You die...

........##.# #.#.#
............. #.#.#
............ #.#.#
..........( #.#.#
.......(... #.#.#
#.....)((.. #.#.#
...#..?....... #.#.#
....#...o(...... #.#.#
.....#..@o....... #.#.#
.....##.......... #.#.#
###....#.......... #.#..
.................. #.###
............###########.#
#
....##.................#
# . #......############ #
###....# # #....# #


You could see 2 orc wizards.

Vanquished Creatures
  Terence (D:2)
  An adder (D:2)
  A giant mite (D:1)
  2 giant geckos
  An ooze (D:1)
  2 orcs (D:3)
  2 giant cockroaches
  13 goblins
  6 hobgoblins
  5 kobolds (D:1)
  A quokka (D:2)
  14 bats
  2 giant newts (D:1)
  A giant spore (D:3)
  5 rats
  3 ballistomycetes (D:3)
60 creatures vanquished.

Vanquished Creatures (others)
  An orc (D:3)
1 creature vanquished.

Grand Total: 61 creatures vanquished

Notes
Turn   | Place    | Note
--------------------------------------------------------------
     0 | D:1      | Psiweapon, the Kobold Hunter, began the quest for the Orb.
     0 | D:1      | Reached XP level 1. HP: 12/12 MP: 1/1
    57 | D:1      | Reached skill level 5 in Crossbows
   215 | D:1      | Reached skill level 1 in Short Blades
   215 | D:1      | Reached XP level 2. HP: 16/16 MP: 2/2
   714 | D:1      | Reached XP level 3. HP: 17/20 MP: 3/3
  1545 | D:2      | Found a shadowy altar of Dithmenos.
  1551 | D:2      | Became a worshipper of Dithmenos the Shadowed
  1936 | D:2      | Reached XP level 4. HP: 25/25 MP: 4/4
  2554 | D:2      | Noticed Terence
  2569 | D:2      | Killed Terence
  2742 | D:3      | Found an iron altar of Okawaru.
  3192 | D:3      | Killed from afar by an orc wizard

Action                   |  1- 3 |  4- 6 || total
-------------------------+-------+-------++-------
Melee: Short sword       |   110 |    58 ||   168
 Fire: Crossbow          |    15 |    35 ||    50
Throw: Dart              |       |     1 ||     1
Evoke: Wand              |       |     4 ||     4
  Use: Potion            |       |     2 ||     2
       Scroll            |       |     1 ||     1
 Stab: Sleeping          |     1 |     1 ||     2
